 Dungeon Crawl Stone Soup version 0.31.0-32-g396128a36d (webtiles) character file.

Game seed: 9279873038087455875

1566215 diecastcamel the Ninja (level 27, 199/199 HPs)
             Began as a Kobold Berserker on Apr 2, 2024.
             Was a High Priest of Trog.
             Escaped with the Orb
             ... and 3 runes on Apr 8, 2024!
             The game lasted 07:48:55 (79327 turns).

diecastcamel the Ninja (Kobold Berserker)          Turns: 79327, Time: 07:48:56

Health: 199/199    AC: 30    Str: 16      XL:     27
Magic:  23/23      EV: 41    Int:  6 (7)  God:    Trog [*****.]
Gold:   2044       SH: 20    Dex: 24 (27) Spells: 26/26 levels left

rFire   + + +        T - +8 rapier "Poiceul" {flame, +Blink rPois Str+5 Int-4}
rCold   + . .        A - +5 kite shield {AC+3}
rNeg    + + .        W - +5 ring mail of Pantheism {rPois rF++}
rPois   +            z - +2 helmet {SInv}
rElec   +            U - +4 dragonskin cloak
rCorr   +            d - +2 pair of gloves
SInv    +            n - +2 pair of boots of the Three Ghosts {rF+ Will+ SInv}
Will    ++++.        i - amulet "Eqoaduh" {Faith ^Drain rN++ Will+ Regen+}
Stlth   ++++         y - ring "Zaothio" {rF+ EV+5 Slay+3}
HPRegen 1.33/turn    J - ring of Vuthrik {Ice rElec rCorr Str-4 Dex+2}
MPRegen 0.18/turn

%: faith
@: studying 3 skills
A: small, no large weapons, nightstalker 3, camouflage 1, deformed body,
screaming 1, MP-powered wands
0: Orb of Zot
}: 3/15 runes: decaying, serpentine, silver
a: Renounce Religion, Evoke Blink, Berserk, Trog's Hand, Brothers in Arms


You escaped.
You worshipped Trog.
Trog was extremely pleased with you.
You visited 10 branches of the dungeon, and saw 48 of its levels.
You visited the Abyss 1 time.
You also visited: Trove, Gauntlet, Ice Cave and Volcano.

You collected 9040 gold pieces.
You spent 6996 gold pieces at shops.

Inventory:

Hand Weapons
 v - the +8 arc blade {discharge, rElec}
   (You acquired it on level 7 of the Dungeon)

   rElec:     It insulates you from electricity.
 G - the +12 dagger "Concordance" {heavy, rPois rN+ Str+2}
   (Trog gifted it to you on level 5 of the Realm of Zot)

   Str+2:     It affects your strength (+2).
   rPois:     It protects you from poison rN+: It protects you from negative
   energy.
 L - the +7 rapier "Manaoz" {drain, rC+ rN+ Str+3 Dex+3}
   (You took it off a deep elf sorcerer on level 3 of the Elven Halls)

   Str+3:     It affects your strength (+3).
   Dex+3:     It affects your dexterity (+3).
   rC+:       It protects you from cold.
   rN+:       It protects you from negative energy.
 T - the +8 rapier "Poiceul" (weapon) {flame, +Blink rPois Str+5 Int-4}
   (Trog gifted it to you on level 13 of the Dungeon)

   Str+5:     It affects your strength (+5).
   Int-4:     It affects your intelligence (-4).
   rPois:     It protects you from poison +Blink: It lets you blink.
Missiles
 P - a dart of dispersal
Armour
 d - a +2 pair of gloves (worn)
 n - the +2 pair of boots of the Three Ghosts (worn) {rF+ Will+ SInv}
   (You found it on level 3 of the Elven Halls)

   rF+:       It protects you from fire.
   Will+:     It increases your willpower.
   SInv:      It lets you see invisible.
 z - a +2 helmet of see invisible (worn)
 A - a +5 kite shield of protection (worn)
 R - a +2 cloak of willpower
 U - the +4 dragonskin cloak (worn)
   (You took it off Tiamat on level 1 of the Realm of Zot)

   Avatar's Aegis: It grants the wearer a chance to resist fire, cold, poison,
   electricity, acid, and negative energy.
 W - the +5 ring mail of Pantheism (worn) {rPois rF++}
   (You found it on level 4 of the Snake Pit)

   rF++:      It greatly protects you from fire.
   rPois:     It protects you from poison
Jewellery
 i - the amulet "Eqoaduh" (around neck) {Faith ^Drain rN++ Will+ Regen+}
   (You bought it in a shop on level 2 of the Orcish Mines)

   [amulet of faith]

   Faith:     It allows you to gain divine favour quickly.
   rN++:      It greatly protects you from negative energy.
   Will+:     It increases your willpower.
   Regen+:    It increases your rate of health regeneration.
   ^Drain:    It drains your maximum health when unequipped.
 l - the ring "Orait" {Fly Str+3 Int+3 Dex+3}
   (You found it on level 1 of the Swamp)

   [ring of flight]

   Str+3:     It affects your strength (+3).
   Int+3:     It affects your intelligence (+3).
   Dex+3:     It affects your dexterity (+3).
   Fly:       It grants you flight.
 y - the ring "Zaothio" (left hand) {rF+ EV+5 Slay+3}
   (You bought it in a shop on level 2 of the Snake Pit)

   [ring of evasion]

   EV+5:      It affects your evasion (+5).
   Slay+3:    It affects your accuracy & damage with ranged weapons and melee
   (+3).
   rF+:       It protects you from fire.
 B - the ring of Fusen {rF+ rC+++ rN+ Will- Dex+3}
   (You found it in a treasure trove)

   [ring of positive energy]

   Dex+3:     It affects your dexterity (+3).
   rF+:       It protects you from fire.
   rC+++:     It renders you almost immune to cold.
   rN+:       It protects you from negative energy.
   Will-:     It decreases your willpower.
 J - the ring of Vuthrik (right hand) {Ice rElec rCorr Str-4 Dex+2}
   (You bought it in a shop on level 8 of the Dungeon)

   [ring of ice]

   Ice:       It enhances your ice magic.
   Str-4:     It affects your strength (-4).
   Dex+2:     It affects your dexterity (+2).
   rF-:       It makes you vulnerable to fire.
   rC+:       It protects you from cold.
   rElec:     It insulates you from electricity.
   rCorr:     It protects you from acid and corrosion.
Wands
 c - a wand of flame (122)
 e - a wand of roots (13) (quivered)
 o - a wand of mindburst (49)
 q - a wand of charming (70)
 S - a wand of polymorph (15)
 Z - a wand of digging (30)
Scrolls
 a - a scroll of poison
 j - 7 scrolls of fog
 s - 10 scrolls of fear
 t - 5 scrolls of revelation
 u - 11 scrolls of teleportation
 w - 3 scrolls of vulnerability
 x - 2 scrolls of enchant armour
 F - 17 scrolls of immolation
 V - 3 scrolls of silence
 Y - 4 scrolls of butterflies
Potions
 b - 8 potions of curing
 f - 3 potions of enlightenment
 g - 4 potions of resistance
 k - 3 potions of heal wounds
 m - 5 potions of mutation
 p - 6 potions of invisibility
 r - 9 potions of haste
 C - a potion of ambrosia
 D - 10 potions of might
 M - 2 potions of cancellation
 N - 9 potions of lignification
Miscellaneous
 h - a phial of floods
 E - a condenser vane
 H - a box of beasts
 O - a phantom mirror
 Q - a lightning rod (4/4)


   Skills:
 O Level 27 Fighting
 - Level 14.0 Short Blades
 + Level 13.6 Armour
 O Level 27 Dodging
 O Level 27 Stealth
 + Level 14.5 Shields
 - Level 25.0 Evocations


You had 26 spell levels left.
You didn't know any spells.
Your spell library was empty.

Dungeon Overview and Level Annotations

Branches:
Dungeon (15/15)            Temple (1/1) D:5            Lair (5/5) D:8
  Swamp (4/4) Lair:2        Snake (4/4) Lair:2        Slime (0/5) Lair:5
    Orc (2/2) D:9             Elf (3/3) Orc:2        Vaults (5/5) D:13
  Crypt (0/3) Vaults:2     Depths (4/4) D:15            Zot (5/5) Depths:4
  IceCv (visited)         Volcano (visited)         Gauntlet (visited)

Altars:
Ashenzari
Cheibriados
Dithmenos
Elyvilon
Fedhas
Gozag
Hepliaklqana
Kikubaaqudgha
Makhleb
Nemelex Xobeh
Okawaru
Qazlal
Ru
Sif Muna
Trog
Uskayaw
Vehumet
Wu Jian
Xom
Yredelemnul
Zin
The Shining One
Jiyva

Shops:
D:8 =   D:9 ?   Orc:2 ?*==(   Elf:3 :   Snake:2 :=:   Vaults:1 [   Vaults:2 !
Vaults:3 *   Vaults:5 [   Depths:1 **   Depths:4 [

Portals:
Hell: Depths:1 Depths:2 Depths:3 Depths:4
Abyss: Depths:3 Depths:4
Pandemonium: Orc:2 Depths:2 Depths:3 Depths:4
Ziggurat: Depths:3

Annotations:
D:3 1 runed translucent door, Crazy Yiuf
Swamp:4 Bai Suzhen
Elf:2 5 runed translucent doors
Zot:1 2 transporters
Zot:5 Boris


Innate Abilities, Weirdness & Mutations

You are small and have problems with some larger weapons.
You are completely attuned to the shadows.
Your skin changes colour to match your surroundings (Stealth+).
Armour fits poorly on your strangely shaped body.
You occasionally shout uncontrollably at your foes.
You expend magic power (3 MP) to strengthen your wands.


Message History

There is a stone staircase leading down here.
There is a stone staircase leading up here.
You climb upwards.
There is a stone staircase leading down here.
Things that are here:
a +0 scale mail; the +0 shortbow of the Revolution {drain, rElec} Magic restored.
Things that are here:
a +0 dagger; a +1 scimitar of venom You see here 6 large rocks.
There is a stone staircase leading up here.
You climb upwards.
There is a stone staircase leading down here.
You see here a +2 dagger of freezing.
There is an open door here.
There is an escape hatch in the ceiling here.
A mysterious force pulls you upwards. The hatch slams shut behind you.
There is a stone staircase leading up here.
You climb upwards.
There is a stone staircase leading down here.
There is a stone staircase leading up here.
You climb upwards.
There is a stone staircase leading down here.
There is a stone staircase leading up here.
You climb upwards.
Level annotation: 1 runed translucent door, Crazy Yiuf
There is a stone staircase leading down here.
Items here: ))) [.
There is a stone staircase leading up here.
You climb upwards.
There is a stone staircase leading down here.
You see here a +0 ring mail.
You see here a +0 club.
There is a stone staircase leading up here.
You climb upwards.
There is a stone staircase leading down here.
There is an open door here.
There is a staircase leading out of the dungeon here.
You can't go down here!
You have escaped!

..# ########## #.# #....... ..#
#........# #.# ###..... ..#
#........# #.# #..... ..#
#........# #.# #..... ..#
#........# ####'# #.....
.†###(.....>.# #.8#.########.....
....#........# #..........#######
###..........# #...8..8..8#######
# ###........###@.........'...##.
# #######......#...8..8..8###....
# #...# #......#..........#......
###...###......#.8#.#######......
.......#####...####'#............
..................#.#.#.##..###..
.##....########.#.#.#.#..........
..............#.#.#.#.....#......
.#.......####.#.#.#.#............


There were no monsters in sight!

Vanquished Creatures
  Frederick (Vaults:3)
  2 dread liches
  Tiamat (Zot:1)
  4 orbs of fire (Zot:5)
  Mara (Elf:3)
  5 ancient liches
  A juggernaut (Depths:2)
  A pandemonium lord (D:13)
  Sojobo (Vaults:4)
  Boris (Elf:3)
  Saint Roka (Vaults:2)
  3 Killer Klowns
  4 curse toes
  Margery (Depths:1)
  7 golden dragons
  Nikola (Snake:4)
  Norris (Elf:1)
  A bone dragon (Depths:4)
  2 electric golems
  A walking crystal tome (Depths:3)
  A hellephant (Depths:1)
  Jorgrun (Swamp:1)
  20 tentacled monstrosities
  4 deep elf blademasters (Elf:3)
  22 Orb Guardians
  A walking earthen tome (Depths:3)
  Mlioglotl (Snake:4)
  4 liches
  6 titans
  4 sphinxes
  A tentacled starspawn (Abyss:2)
  9 quicksilver dragons
  Gastronok (Lair:1)
  4 death cobs
  A deep elf master archer (Elf:3)
  Frances (Swamp:1)
  Kirke (Swamp:1)
  4 thorn hunters
  The ghost of Giamolil the Metamorph, a journeyman OnHW of Gozag (Swamp:1)
  Agnes (D:15)
  11 storm dragons
  Aizul (Snake:4)
  9 tengu reavers
  4 nagarajas
  16 shadow dragons
  6 draconian monks
  6 protean progenitors
  2 draconian knights
  10 deep elf sorcerers
  5 draconian shifters
  12 frost giants
  6 deep elf elementalists
  An iron dragon (Vaults:4)
  15 vault wardens
  6 fire giants
  An angel (D:10)
  A cacodemon (Abyss:2)
  6 draconian scorchers
  2 ghouls (Swamp:4)
  An orc warlord (Vaults:4)
  5 draconian stormcallers
  A draconian annihilator (Zot:1)
  5 ghost moths
  2 broodmothers (Zot:4)
  4 ironbound thunderhulks
  A quicksilver ooze (Gauntlet)
  28 very ugly things
  15 ironbound preservers
  19 stone giants
  The ghost of Consumeair16 the Severer, a journeyman DrGl of Elyvilon (D:13)
  15 black draconians
  A formless jellyfish (Vaults:1)
  9 green draconians
  18 purple draconians
  A vampire knight (Depths:2)
  8 dire elephants
  A minotaur (Gauntlet)
  3 lorocyprocas
  5 deep elf death magi
  17 yellow draconians
  11 red draconians
  6 eleionomae
  6 deep elf demonologists (Elf:3)
  8 war gargoyles
  A bunyip (Swamp:1)
  11 spark wasps (Depths:2)
  Snorg (Lair:5)
  10 deep elf annihilators
  2 white draconians (Zot:3)
  A blizzard demon (Depths:4)
  2 crystal guardians (Vaults:1)
  15 ettins
  An entropy weaver (Vaults:4)
  5 fire dragons
  8 deep elf high priests
  Josephine (D:14)
  An entropy weaver (shapeshifter) (D:14)
  8 yaktaur captains
  28 hydras
  2 shambling mangroves
  The ghost of SchramBam the Spear-Bearer, a journeyman MiFi of Okawaru (Orc:1)
  5 ice dragons
  42 vault guards
  5 great orbs of eyes
  Fannar (Lair:3)
  4 rakshasas
  3 salamander tyrants
  3 peacekeepers
  3 demonspawn (Orc:2)
  8 ironbound frosthearts
  An anaconda (shapeshifter) (Vaults:4)
  5 ogre magi
  2 radroaches
  6 centaur warriors
  6 anacondas
  A catoblepas (Lair:4)
  A death knight (D:13)
  7 ghost crabs
  15 alligators
  4 spriggan air magi
  12 two-headed ogres
  14 deep troll shamans
  11 tengu warriors
  19 death yaks
  16 dancing weapons
  8 deep troll earth magi
  16 naga warriors
  6 orc high priests (Orc:2)
  3 boulder beetles
  3 naga sharpshooters
  4 shock serpents
  4 spriggan berserkers
  14 spriggans
  15 hell knights
  Sonja (D:13)
  7 iron trolls
  A skyshark (shapeshifter) (Vaults:4)
  An occultist (Depths:1)
  A wretched star (Abyss:2)
  6 skysharks
  4 sixfirhies
  A storm dragon skeleton (Vaults:5)
  8 deep elf knights
  10 goliath frogs
  A shadow wraith (Vaults:4)
  3 glowing orange brains
  A bunyip zombie (Abyss:2)
  A golden dragon zombie (Vaults:5)
  14 swamp dragons
  49 deep trolls
  3 salamander mystics
  11 mana vipers
  24 ironbound convokers
  A flayed ghost (Depths:2)
  2 glowing orange brains (shapeshifter)
  7 spriggan druids
  A mana viper (shapeshifter) (Depths:1)
  2 death drakes (shapeshifter)
  A sun moth (shapeshifter) (Vaults:1)
  4 bog bodies
  A deep troll (shapeshifter) (Elf:3)
  A shadow dragon zombie (Vaults:4)
  3 arcanists
  12 naga ritualists
  9 deep elf archers
  5 phantasmal warriors
  A steelbarb worm (shapeshifter) (Depths:1)
  10 necromancers
  9 lindwurms
  11 orc knights
  15 deep elf zephyrmancers
  A wolf spider (Lair:4)
  A tengu skeleton (Vaults:5)
  30 ugly things
  A glowing shapeshifter (Vaults:1)
  29 deep elf pyromancers
  2 cyclopes
  4 large abominations
  4 manticores
  10 salamanders
  A shining eye (shapeshifter) (Vaults:4)
  2 will-o-the-wisps
  8 orc sorcerers
  An elephant (shapeshifter) (Vaults:4)
  3 oklob plants
  13 elephants
  3 kobold blastminers
  24 moths of wrath
  21 vault sentinels
  38 black mambas
  4 guardian serpents
  An ice statue (IceCv)
  A rust devil (Orc:2)
  20 naga magi
  3 eyes of devastation (shapeshifter)
  2 torpor snails (shapeshifter)
  A smoke demon (Abyss:2)
  A black mamba (shapeshifter) (Depths:2)
  4 gargoyles
  An orange demon (Abyss:2)
  15 cane toads
  3 kobold demonologists
  Jeremiah (D:9)
  6 torpor snails
  9 rime drakes
  2 unseen horrors (D:8)
  3 efreet
  11 freezing wraiths
  38 yaktaurs
  An ice devil (D:11)
  11 komodo dragons
  2 ancient zymes (Abyss:2)
  A tormentor (Depths:3)
  9 tengu conjurers
  A merfolk (shapeshifter) (Depths:3)
  A human skeleton (Vaults:4)
  A polar bear (shapeshifter) (Elf:3)
  5 polar bears
  A queen bee (Gauntlet)
  4 trolls
  2 bloated husks
  A merfolk (D:11)
  A tarantella (shapeshifter) (Depths:3)
  13 tyrant leeches
  24 hornets
  A slime creature (shapeshifter) (Depths:2)
  13 blink frogs
  2 glass eyes
  An ettin zombie (Vaults:5)
  39 slime creatures
  4 air elementals
  4 water elementals
  A centaur simulacrum (D:15)
  A ynoxinul (Depths:3)
  66 yaks
  9 wraiths
  6 basilisks
  16 wyverns
  3 fire elementals
  A redback (shapeshifter) (Vaults:5)
  6 steam dragons
  2 wargs
  7 redbacks
  A yaktaur simulacrum (Vaults:5)
  4 vampire mosquitoes
  Grum (D:11)
  11 swamp worms
  A chaos spawn (Orc:2)
  2 swamp worms (shapeshifter)
  5 small abominations (Gauntlet)
  59 nagas
  34 water moccasins
  A glowing shapeshifter zombie (Vaults:4)
  2 acid dragons
  3 laughing skulls
  8 swamp drakes
  Pargi (D:3)
  2 sky beasts
  A human zombie (Vaults:4)
  21 orc warriors
  10 black bears
  5 boggarts (D:14)
  35 wolves
  4 ogres
  A wolf (shapeshifter) (D:14)
  6 centaurs
  3 kobold brigands
  A necrophage (Swamp:4)
  5 gnoll sergeants
  22 bullfrogs
  4 earth elementals
  2 scorpions
  2 two-headed ogre simulacra (D:12)
  9 wights
  16 killer bees
  4 howler monkeys
  6 electric eels (D:11)
  2 bombardier beetles
  2 jellies
  30 orc priests
  2 gnoll boudas
  5 hounds
  Jessica (D:3)
  5 iguanas
  2 sleepcaps
  18 orc wizards
  8 hell rats
  A spriggan simulacrum (D:12)
  A polar bear simulacrum (D:12)
  A wolf simulacrum (D:12)
  24 gnolls
  3 naga simulacra (D:12)
  5 adders
  An adder (shapeshifter) (Elf:2)
  A shadow imp (D:6)
  2 white imps (D:8)
  A ribbon worm (D:2)
  3 dart slugs
  49 orcs
  6 bats
  6 endoplasms
  3 giant cockroaches (D:3)
  10 goblins
  7 hobgoblins
  8 jackals (D:2)
  5 quokkas
  3 ball pythons
  4 frilled lizards
  9 kobolds
  8 rats
  A rat (shapeshifter) (D:13)
2157 creatures vanquished.

Vanquished Creatures (collateral kills)
  2 dread liches (Zot:5)
  A Killer Klown (Zot:5)
  3 Orb Guardians (Zot:5)
  A white draconian (Zot:5)
  A red draconian (Zot:5)
  A spriggan berserker (Depths:2)
9 creatures vanquished.

Vanquished Creatures (others)
  A tentacled monstrosity (Zot:2)
  A ghost moth (Zot:5)
  A vault warden (Vaults:5)
  A yaktaur captain (Vaults:4)
  An ogre mage (Vaults:2)
  A deep elf zephyrmancer (Elf:3)
  A deep elf archer (Elf:1)
  A chaos spawn (D:11)
  A naga (Snake:2)
  A swamp drake (Swamp:4)
  A kobold brigand (D:11)
  4 foxfires (Swamp:2)
  2 starspawn tentacles (Abyss:2)
17 creatures vanquished.

Grand Total: 2183 creatures vanquished

Notes
Turn   | Place    | Note
-------+----------+-------------------------------------------
     0 | D:1      | diecastcamel the Kobold Berserker began the quest for the
                  | Orb.
     0 | D:1      | Reached XP level 1. HP: 14/14 MP: 1/1
   308 | D:1      | Reached XP level 2. HP: 19/19 MP: 2/2
   997 | D:2      | Reached XP level 3. HP: 18/24 MP: 3/3
  1004 | D:2      | Reached skill level 5 in Short Blades
  1480 | D:2      | Reached XP level 4. HP: 29/29 MP: 4/4
  1611 | D:2      | Reached ** piety under Trog
  1854 | D:3      | Reached XP level 5. HP: 33/33 MP: 5/5
  1966 | D:3      | Identified the +1 ring mail of Levity {Dex+4}
  2060 | D:3      | Found a sacrificial altar of Ru.
  2094 | D:3      | Noticed a sky beast
  2179 | D:3      | Noticed Jessica
  2193 | D:3      | Killed Jessica
  2200 | D:3      | Reached XP level 6. HP: 19/39 MP: 6/6
  2207 | D:3      | Noticed Pargi
  2242 | D:3      | Killed Pargi
  2243 | D:3      | Reached skill level 5 in Fighting
  2523 | D:3      | Killed a sky beast
  2524 | D:3      | Reached XP level 7. HP: 44/44 MP: 7/7
  2637 | D:3      | Found a runed translucent door.
  2640 | D:3      | Noticed Crazy Yiuf
  3524 | D:4      | Found a glowing silver altar of Zin.
  3524 | D:4      | Found a white marble altar of Elyvilon.
  3524 | D:4      | Found a glowing golden altar of the Shining One.
  3633 | D:5      | Entered Level 5 of the Dungeon
  3743 | D:5      | Found a staircase to the Ecumenical Temple.
  3790 | D:5      | Reached XP level 8. HP: 51/51 MP: 8/8
  3843 | D:5      | Reached skill level 10 in Short Blades
  3860 | D:5      | Reached skill level 1 in Stealth
  3959 | D:5      | Found an ancient bone altar of Kikubaaqudgha.
  3998 | D:5      | Found an iron altar of Okawaru.
  4350 | D:5      | Identified the +8 flail of Wucu Iqo {freeze, MP+9 Str+4}
  4528 | D:6      | Identified the +6 spear "Jubuusypn" {holy, rC+ Str+3 Int+3}
  4796 | D:6      | Noticed a rust devil
  4798 | D:6      | Noticed a rust devil
  5377 | D:7      | Noticed a wyvern
  5389 | D:7      | Killed a wyvern
  5390 | D:7      | Reached XP level 9. HP: 54/57 MP: 9/9
  5976 | D:7      | Reached skill level 5 in Dodging
  5976 | D:7      | Reached skill level 5 in Stealth
  6185 | D:7      | Identified a scroll of acquirement
  7086 | D:7      | Acquired the +8 arc blade {discharge, rElec}
  7086 | D:7      | Found the +8 arc blade {discharge, rElec}
  7175 | D:8      | Noticed a centaur warrior
  7182 | D:8      | Killed a centaur warrior
  7183 | D:8      | Reached XP level 10. HP: 27/65 MP: 10/10
  7388 | D:8      | Found a hazy altar of Hepliaklqana.
  7409 | D:8      | Identified the +0 shortbow of the Revolution {drain, rElec}
  7473 | D:8      | Noticed a cyclops
  7482 | D:8      | Killed a cyclops
  7657 | D:8      | Reached skill level 10 in Fighting
  7708 | D:8      | Noticed an unseen horror
  7718 | D:8      | Noticed an unseen horror
  7723 | D:8      | Killed an unseen horror
  7727 | D:8      | Killed an unseen horror
  7731 | D:8      | Reached XP level 11. HP: 72/72 MP: 11/11
  7852 | D:8      | Reached skill level 1 in Evocations
  7908 | D:8      | Noticed a centaur warrior
  7936 | D:8      | Noticed a death yak
  7950 | D:8      | Killed a death yak
  7995 | D:8      | Reached *** piety under Trog
  8028 | D:8      | Noticed a death yak
  8038 | D:8      | Noticed a death yak
  8046 | D:8      | Killed a death yak
  8048 | D:8      | Killed a death yak
  8093 | D:8      | Found Nioxasat's Jewellery Emporium.
  8243 | D:8      | Reached skill level 10 in Dodging
  8518 | D:9      | Noticed a two-headed ogre
  8529 | D:9      | Killed a two-headed ogre
  8530 | D:9      | Reached skill level 1 in Shields
  8599 | D:9      | Identified the +0 robe of Subjectivity {Int+3 Archmagi}
  8929 | D:9      | Found a staircase to the Orcish Mines.
  9234 | D:9      | Noticed Jeremiah
  9238 | D:9      | Killed Jeremiah
  9239 | D:9      | Reached skill level 5 in Evocations
  9519 | D:9      | Found Imuhumep's Magic Scroll Emporium.
  9524 | D:9      | Bought a scroll of blinking for 105 gold pieces
  9524 | D:9      | Bought 3 scrolls of teleportation for 126 gold pieces
  9533 | D:9      | Reached **** piety under Trog
  9884 | D:9      | Noticed a tengu warrior
  9886 | D:9      | Killed a tengu warrior
  9887 | D:9      | Reached XP level 12. HP: 80/80 MP: 12/12
 10018 | D:10     | Entered Level 10 of the Dungeon
 10130 | Temple   | Entered the Ecumenical Temple
 10376 | D:10     | Found a broken altar of Ashenzari.
 10383 | D:10     | Found a shimmering altar of Xom.
 10383 | D:10     | Found a basalt altar of Yredelemnul.
 10799 | D:10     | Found a hide-covered altar of Uskayaw.
 10800 | D:10     | Found a radiant altar of Vehumet.
 10801 | D:10     | Found an opulent altar of Gozag.
 10802 | D:10     | Found a shimmering blue altar of Sif Muna.
 10848 | D:10     | Identified the +4 ring mail of the Engineer {Harm rF+ Dex-5
                  | Slay+5}
 11049 | D:11     | Noticed Grum
 11054 | D:11     | Killed Grum
 11578 | D:11     | Found a burning altar of Makhleb.
 11639 | D:11     | Identified the +6 chain mail of the End {Stlth+}
 11664 | D:11     | Noticed a two-headed ogre
 11672 | D:11     | Killed a two-headed ogre
 12328 | D:11     | Noticed a two-headed ogre
 12354 | D:11     | Noticed a two-headed ogre
 12362 | D:11     | Killed a two-headed ogre
 12373 | D:11     | Killed a two-headed ogre
 12708 | D:11     | Reached XP level 13. HP: 87/87 MP: 13/13
 13631 | D:8      | Killed a centaur warrior
 13959 | D:8      | Found a staircase to the Lair.
 14227 | D:8      | Found a snail-covered altar of Cheibriados.
 14447 | D:8      | Bought a ring of poison resistance for 220 gold pieces
 14465 | Lair:1   | Entered Level 1 of the Lair of Beasts
 15431 | Lair:1   | Reached ***** piety under Trog
 15432 | Lair:1   | Reached skill level 10 in Stealth
 15449 | Lair:1   | Noticed Gastronok
 15453 | Lair:1   | Killed Gastronok
 16242 | Lair:2   | Noticed an eight-headed hydra
 16255 | Lair:2   | Killed an eight-headed hydra
 16340 | Lair:2   | Found a staircase to the Snake Pit.
 17084 | Lair:2   | Found a staircase to the Swamp.
 17186 | Lair:3   | Noticed Fannar
 17190 | Lair:3   | Killed Fannar
 17299 | Lair:3   | Reached XP level 14. HP: 95/95 MP: 14/14
 17302 | Lair:3   | Reached skill level 10 in Evocations
 17895 | Lair:3   | Reached skill level 5 in Shields
 17931 | Lair:3   | Identified the +2 quarterstaff of the Heart {freeze, rCorr}
 18419 | Lair:4   | Found a dark tunnel.
 18425 | Volcano  | Entered a volcano
 18484 | Volcano  | Reached ****** piety under Trog
 18602 | Volcano  | Found a burning altar of Makhleb.
 18607 | Volcano  | Noticed a red draconian
 18611 | Volcano  | Killed a red draconian
 19384 | Lair:4   | Reached XP level 15. HP: 101/101 MP: 15/15
 19486 | Lair:4   | Received a gift from Trog
 19902 | Lair:5   | Entered Level 5 of the Lair of Beasts
 20020 | Lair:5   | Reached skill level 15 in Fighting
 20136 | Lair:5   | Found a staircase to the Slime Pits.
 20136 | Lair:5   | Found a viscous altar of Jiyva.
 20153 | Lair:5   | Noticed Snorg
 20155 | Lair:5   | Killed Snorg
 20168 | Lair:5   | Reached skill level 15 in Dodging
 21407 | Lair:5   | Received a gift from Trog
 21509 | Lair:5   | Reached skill level 15 in Stealth
 21719 | Lair:5   | Reached XP level 16. HP: 105/108 MP: 16/16
 22635 | D:12     | Found a frozen archway.
 22664 | IceCv    | Entered an ice cave
 23134 | IceCv    | Noticed a frost giant
 23157 | IceCv    | Killed a frost giant
 24255 | D:13     | Found a gate to the Vaults.
 24268 | D:13     | Identified the +8 rapier "Poiceul" {flame, +Blink rPois
                  | Str+5 Int-4} (Trog gifted it to you on level 13 of the
                  | Dungeon)
 24268 | D:13     | Received a gift from Trog
 24386 | D:13     | Found a gate leading to a gauntlet.
 24392 | Gauntlet | Entered a Gauntlet
 24420 | Gauntlet | Found a transporter.
 24420 | Gauntlet | Found a transporter.
 24450 | Gauntlet | Found a transporter.
 24502 | Gauntlet | Found a transporter.
 24516 | Gauntlet | Found a transporter.
 24566 | Gauntlet | Found a transporter.
 24588 | Gauntlet | Found a transporter.
 24588 | Gauntlet | Found a transporter.
 24603 | Gauntlet | Found a transporter.
 24603 | Gauntlet | Found a transporter.
 24626 | Gauntlet | Found a transporter.
 24626 | Gauntlet | Found a transporter.
 24762 | Gauntlet | Identified the ring "Ybopemytef" {Fly rF+ MP+9 Dex-2
                  | Stlth+}
 24990 | D:13     | Found a runed translucent gate.
 24990 | D:13     | Found a runed translucent gate.
 24990 | D:13     | Found a runed translucent gate.
 25051 | D:13     | Found a hide-covered altar of Uskayaw.
 25476 | D:13     | Noticed Sonja
 25480 | D:13     | Killed Sonja
 26518 | D:14     | Noticed Josephine
 26528 | D:14     | Killed Josephine
 26529 | D:14     | Reached XP level 17. HP: 89/113 MP: 17/17
 26981 | D:15     | Entered Level 15 of the Dungeon
 27454 | D:15     | Noticed Agnes
 27456 | D:15     | Killed Agnes
 27946 | D:15     | Found a staircase to the Depths.
 28359 | Orc:1    | Entered Level 1 of the Orcish Mines
 28417 | Orc:1    | Received a gift from Trog
 28589 | Orc:2    | Entered Level 2 of the Orcish Mines
 28792 | Orc:1    | Found a runed translucent gate.
 28792 | Orc:1    | Found a runed translucent gate.
 28792 | Orc:1    | Found an opulent altar of Gozag.
 28793 | Orc:1    | Found a runed translucent gate.
 29061 | Orc:2    | Found Woillion's Jewellery Boutique.
 29063 | Orc:2    | Bought a +4 ring of protection for 468 gold pieces
 29265 | Orc:2    | Found Keot Muq's Magic Scroll Emporium.
 29404 | Orc:2    | Found Orgheletz's General Store.
 29947 | Orc:2    | Received a gift from Trog
 29970 | Orc:2    | Found a staircase to the Elven Halls.
 30374 | Orc:2    | Found Pupreeruen's Antique Weapon Boutique.
 30374 | Orc:2    | Found Wilew's Jewellery Shop.
 30375 | Orc:2    | Found a one-way gate leading to the halls of Pandemonium.
 30414 | Orc:2    | Bought a wand of mindburst (5) for 98 gold pieces
 30893 | Snake:1  | Entered Level 1 of the Snake Pit
 31229 | Snake:1  | Identified the +1 short sword of the Enchanting Oracle
                  | {pain, Int+2}
 31404 | Snake:1  | Received a gift from Trog
 31960 | Snake:2  | Reached XP level 18. HP: 123/124 MP: 18/18
 32446 | Snake:1  | Reached skill level 10 in Shields
 32514 | Snake:1  | Received a gift from Trog
 32857 | Snake:2  | Found Boan's Book Shop.
 32857 | Snake:2  | Found Cuxkes's Book Shop.
 32858 | Snake:2  | Found Foan's Jewellery Emporium.
 32868 | Snake:2  | Bought the ring "Zaothio" {rF+ EV+5 Slay+3} for 1126 gold
                  | pieces
 35225 | Snake:3  | Identified the staff of Xuagh {Ice Earth}
 35649 | Snake:3  | Received a gift from Trog
 36019 | Swamp:1  | Entered Level 1 of the Swamp
 36593 | Swamp:1  | Noticed Jorgrun
 36601 | Swamp:1  | Killed Jorgrun
 36602 | Swamp:1  | Reached skill level 15 in Evocations
 36713 | Swamp:1  | Found a transporter.
 36716 | Swamp:1  | Noticed Giamolil's ghost (journeyman OnHW)
 36840 | Swamp:1  | Noticed Kirke
 36844 | Swamp:1  | Killed Kirke
 36865 | Swamp:1  | Noticed Frances
 36869 | Swamp:1  | Killed Frances
 36870 | Swamp:1  | Reached XP level 19. HP: 130/130 MP: 19/19
 36941 | Swamp:1  | Found a transporter.
 37094 | Swamp:2  | Received a gift from Trog
 38932 | Swamp:4  | Entered Level 4 of the Swamp
 38976 | Swamp:4  | Noticed Bai Suzhen
 39090 | Swamp:4  | Received a gift from Trog
 39252 | Swamp:4  | Got a decaying rune of Zot
 39677 | Swamp:4  | Reached XP level 20. HP: 103/139 MP: 20/20
 39937 | Snake:4  | Entered Level 4 of the Snake Pit
 40156 | Snake:4  | Identified the serpent talisman "Isoapsay" {rF++ Str+3
                  | Slay-2}
 40156 | Snake:4  | Noticed Aizul
 40160 | Snake:4  | Killed Aizul
 40266 | Snake:4  | Found a snail-covered altar of Cheibriados.
 41105 | Snake:4  | Received a gift from Trog
 41131 | Snake:4  | Noticed Mlioglotl
 41146 | Snake:4  | Killed Mlioglotl
 41559 | Snake:4  | Noticed Nikola
 41751 | Snake:4  | Killed Nikola
 41861 | Snake:4  | Identified the +5 ring mail of Pantheism {rPois rF++}
 41902 | Snake:4  | Got a serpentine rune of Zot
 42252 | Vaults:1 | Entered Level 1 of the Vaults
 42364 | Vaults:1 | Found Toanka's Armour Emporium.
 44431 | Orc:2    | Bought the amulet "Eqoaduh" {Faith ^Drain rN++ Will+
                  | Regen+} for 747 gold pieces
 44517 | D:8      | Bought the ring of Vuthrik {Ice rElec rCorr Str-4 Dex+2}
                  | for 444 gold pieces
 44729 | Vaults:2 | Noticed Saint Roka
 44759 | Vaults:2 | Received a gift from Trog
 44881 | Vaults:2 | Killed Saint Roka
 44938 | Vaults:2 | Reached XP level 21. HP: 146/146 MP: 21/21
 45581 | Vaults:2 | Found Heun's Distillery.
 45586 | Vaults:2 | Bought a potion of curing for 42 gold pieces
 45789 | Vaults:2 | Received a gift from Trog
 46088 | Vaults:2 | Found a staircase to the Crypt.
 46088 | Vaults:2 | Found a basalt altar of Yredelemnul.
 46088 | Vaults:2 | Found an ancient bone altar of Kikubaaqudgha.
 46137 | Vaults:2 | Identified the +2 dagger of Distant Shores {pain, rElec
                  | Dex+3}
 46734 | Vaults:3 | Identified the +6 demon trident of Qyjesommu {venom, rF-
                  | Will+++ rCorr MP+9}
 46998 | Vaults:3 | Identified the orb of Ignis's Reproof {light, -Tele rN+++
                  | Int+4 Stlth-}
 46998 | Vaults:3 | Noticed Frederick
 47001 | Vaults:3 | Killed Frederick
 47734 | Vaults:3 | Found Ehonkol's Assorted Antiques.
 47739 | Vaults:3 | Bought a scroll of teleportation for 90 gold pieces
 47739 | Vaults:3 | Bought a scroll of teleportation for 90 gold pieces
 48055 | Vaults:3 | Reached XP level 22. HP: 155/155 MP: 22/22
 48140 | Vaults:3 | Received a gift from Trog
 48393 | Vaults:4 | Acquired 813 gold pieces
 48571 | Vaults:4 | Identified the +0 robe of Zij Ehau {Rampage rC+ Stlth+}
 49510 | Vaults:4 | Received a gift from Trog
 49964 | Vaults:4 | Noticed Sojobo
 49984 | Vaults:4 | Killed Sojobo
 50956 | Depths:1 | Entered Level 1 of the Depths
 51181 | Depths:1 | Found Bow Lat's General Store.
 51185 | Depths:1 | Found Roram's General Store.
 51194 | Depths:1 | Bought a scroll of teleportation for 36 gold pieces
 51571 | Depths:1 | Found a gateway to Hell.
 52351 | Depths:1 | Received a gift from Trog
 52352 | Depths:1 | Reached XP level 23. HP: 162/162 MP: 23/23
 52827 | Depths:1 | Identified the +10 scimitar of Abuse {flame, rElec rN+
                  | Int+5}
 53554 | Depths:2 | Noticed Margery
 53618 | Depths:1 | Killed Margery
 54026 | Depths:2 | Received a gift from Trog
 54100 | Depths:2 | Noticed a juggernaut
 54351 | Depths:2 | Killed a juggernaut
 55218 | Depths:3 | Identified the +1 leather armour of Kikubaaqudgha's Whim
                  | {Str+6}
 55228 | Depths:3 | Found a sparkling altar of Nemelex Xobeh.
 55382 | Depths:3 | Reached XP level 24. HP: 155/171 MP: 23/23
 55438 | Depths:3 | Found a one-way gate to the infinite horrors of the Abyss.
 55507 | Depths:3 | Received a gift from Trog
 55760 | Depths:3 | Found a one-way gateway to a ziggurat.
 56561 | Vaults:5 | Entered Level 5 of the Vaults
 56861 | Vaults:5 | Noticed a golden dragon
 56933 | Vaults:4 | Killed a golden dragon
 56991 | Vaults:4 | Received a gift from Trog
 57363 | Vaults:5 | Noticed a golden dragon
 57542 | Vaults:5 | Noticed a golden dragon
 57605 | Vaults:5 | Noticed an ancient lich
 57606 | Vaults:5 | Noticed a golden dragon
 57752 | Vaults:4 | Killed a golden dragon
 57803 | Vaults:5 | Noticed a golden dragon
 57803 | Vaults:5 | Noticed an ancient lich
 57828 | Vaults:4 | Killed a golden dragon
 57923 | Vaults:4 | Killed an ancient lich
 58121 | Vaults:4 | Killed a golden dragon
 58392 | Vaults:4 | Reached skill level 27 in Stealth
 58501 | Vaults:4 | Reached XP level 25. HP: 180/180 MP: 23/23
 58696 | Vaults:4 | Killed an ancient lich
 58696 | Vaults:4 | Received a gift from Trog
 59223 | Vaults:5 | Got a silver rune of Zot
 59472 | Vaults:5 | Noticed an ancient lich
 59488 | Vaults:5 | Killed an ancient lich
 59688 | Vaults:5 | Identified the ring of Doozuupi {MP+9 Str+3 Stlth+}
 59810 | Vaults:5 | Identified the +2 chain mail of Xaddil {rElec rCorr}
 59942 | Vaults:5 | Found Raewonix's Antique Armour Boutique.
 59950 | Vaults:5 | Bought a glowing cloak for 232 gold pieces
 59950 | Vaults:5 | Bought a runed ring mail for 217 gold pieces
 59950 | Vaults:5 | Bought a runed kite shield for 232 gold pieces
 60019 | Vaults:5 | Received a gift from Trog
 60159 | Vaults:5 | Identified the +1 ring mail of the Blue Moon {+Blink rElec}
 60760 | Orc:2    | Bought a scroll of blinking for 112 gold pieces
 60760 | Orc:2    | Bought a scroll of teleportation for 45 gold pieces
 60760 | Orc:2    | Bought a scroll of teleportation for 45 gold pieces
 60760 | Orc:2    | Bought a scroll of teleportation for 45 gold pieces
 60789 | Elf:1    | Entered Level 1 of the Elven Halls
 60815 | Elf:1    | Noticed Norris
 60932 | Elf:1    | Killed Norris
 61003 | Elf:1    | Found a portal to a secret trove of treasure.
 61029 | Trove    | Entered a treasure trove
 61036 | Trove    | Identified the amulet of Akun {RegenMP ^Contam Rampage +Inv
                  | Str+2}
 61043 | Trove    | Identified the amulet of Hutasto {Regen+ Int+3 Dex+6}
 61047 | Trove    | Identified the ring of Lugonu's Anger {*Slow rN+ Str+3}
 61049 | Trove    | Identified the amulet "Mips" {Acrobat +Inv rPois Will-}
 61054 | Trove    | Identified the ring of Fusen {rF+ rC+++ rN+ Will- Dex+3}
 61722 | Elf:2    | Reached * piety under Trog
 62226 | Elf:2    | Found a huge runed translucent gate.
 62226 | Elf:2    | Found a huge runed translucent gate.
 62226 | Elf:2    | Found a huge runed translucent gate.
 62226 | Elf:2    | Found a huge runed translucent gate.
 62226 | Elf:2    | Found a huge runed translucent gate.
 62792 | Elf:3    | Entered Level 3 of the Elven Halls
 62792 | Elf:3    | Noticed Boris
 62794 | Elf:3    | Killed Boris
 63107 | Elf:3    | Found Oloedoargh's Self-Improvement Boutique.
 63115 | Elf:3    | Bought a manual of Armour for 1040 gold pieces
 63475 | Elf:3    | Reached skill level 5 in Armour
 63556 | Elf:3    | Reached XP level 26. HP: 188/188 MP: 23/23
 63708 | Elf:3    | Identified the +7 flail "Dumm" {flame, rCorr Str-2 Int+7
                  | Stlth+}
 63840 | Elf:3    | Identified the +3 battleaxe "Evunn" {freeze, rC- Str+7
                  | Int+8 Stlth-}
 63999 | Elf:3    | Identified the +7 rapier "Manaoz" {drain, rC+ rN+ Str+3
                  | Dex+3}
 64000 | Elf:3    | Identified the ring "Wawnorokk" {rF- Will++ Dex+6}
 64017 | Elf:3    | Noticed Mara
 64035 | Elf:3    | Noticed diecastcamel's illusion
 64045 | Elf:3    | Killed Mara
 64046 | Elf:3    | Reached skill level 10 in Armour
 64402 | Elf:3    | Identified the ring "Tapuk" {Ice ^Drain +Blink rCorr Int+3}
 64505 | Elf:3    | Identified the +2 pair of boots of the Three Ghosts {rF+
                  | Will+ SInv}
 64552 | Abyss:2  | Cast into level 2 of the Abyss (deep elf annihilator)
 64871 | Elf:3    | Escaped the Abyss
 64939 | Elf:3    | Identified the +6 spear of Zuf Noph {flame, +Blink rPois
                  | rC+++ Int-2}
 64959 | Elf:3    | Identified the +5 dagger of Kismet {protect, Dex+2}
 64967 | Elf:3    | Identified the death talisman of Reason {Str+3 SInv}
 64992 | Elf:3    | Identified the +0 scale mail "Pecvuuw" {rN+ Slay+6}
 65022 | Elf:3    | Identified the staff of the Sixty-Six Deaths {rC+ Dex+4
                  | Summ Ice}
 65045 | Elf:3    | Found the +3 robe of Clouds {*Thunder rCloud rElec}
 65191 | Elf:3    | Bought a manual of Evocations for 1040 gold pieces
 65487 | Depths:4 | Entered Level 4 of the Depths
 65613 | D:13     | Noticed Consumeair16's ghost (journeyman DrGl)
 65629 | D:13     | Killed Consumeair16's ghost
 66008 | Swamp:1  | Identified the ring "Orait" {Fly Str+3 Int+3 Dex+3}
 66040 | Swamp:1  | Killed Giamolil's ghost
 66048 | Swamp:1  | Received a gift from Trog
 66284 | Orc:1    | Noticed SchramBam's ghost (journeyman MiFi)
 66289 | Orc:1    | Gained mutation: Your body sometimes deteriorates upon
                  | taking damage. [a neqoxec]
 66296 | Orc:1    | Gained mutation: You are robust. (+10% HP) [a neqoxec]
 66315 | Orc:1    | Killed SchramBam's ghost
 66893 | Depths:4 | Found a gate to the Realm of Zot.
 67098 | Depths:4 | Found a transporter.
 67656 | Depths:4 | Received a gift from Trog
 68169 | Depths:4 | Found a transporter.
 68171 | Depths:4 | Found Ynoimelo's Antique Armour Shoppe.
 68379 | Depths:4 | Bought a jewelled ring mail for 396 gold pieces
 68379 | Depths:4 | Identified the +2 ring mail of Liberalism {Str+5 Slay-2}
                  | (You bought it in a shop on level 4 of the Depths)
 68428 | Zot:1    | Entered Level 1 of the Realm of Zot
 68572 | Zot:1    | Reached XP level 27. HP: 213/213 MP: 23/23
 69188 | Zot:1    | Reached skill level 27 in Dodging
 69398 | Zot:1    | Received a gift from Trog
 69403 | Zot:1    | Found a transporter.
 69437 | Zot:1    | Found a transporter.
 70410 | Zot:2    | Found the +4 dragonskin cloak
 70410 | Zot:2    | Noticed Tiamat
 71984 | Zot:1    | Killed Tiamat
 72381 | Zot:3    | Reached skill level 27 in Fighting
 73988 | Zot:3    | Received a gift from Trog
 75863 | Zot:5    | Entered Level 5 of the Realm of Zot
 76311 | Zot:5    | Received a gift from Trog
 76895 | Zot:5    | Noticed an orb of fire
 76910 | Zot:5    | Gained mutation: Your magical capacity is low. (-10% MP)
                  | [an orb of fire]
 76917 | Zot:5    | Gained mutation: Armour fits poorly on your strangely
                  | shaped body. [an orb of fire]
 76918 | Zot:5    | Noticed a dread lich
 76931 | Zot:5    | Gained mutation: You occasionally shout uncontrollably at
                  | your foes. [an orb of fire]
 76935 | Zot:5    | Killed an orb of fire
 76949 | Zot:5    | Killed a dread lich
 76974 | Zot:4    | Lost mutation: Your magical capacity is low. (-10% MP)
                  | [potion of mutation]
 76974 | Zot:4    | Lost mutation: You occasionally shout uncontrollably at
                  | your foes. [potion of mutation]
 76974 | Zot:4    | Gained mutation: You do not regenerate when monsters are
                  | visible. [potion of mutation]
 76975 | Zot:4    | Lost mutation: Armour fits poorly on your strangely shaped
                  | body. [potion of mutation]
 76975 | Zot:4    | Lost mutation: You do not regenerate when monsters are
                  | visible. [potion of mutation]
 76975 | Zot:4    | Lost mutation: Your body sometimes deteriorates upon taking
                  | damage. [potion of mutation]
 76975 | Zot:4    | Gained mutation: You have a somewhat thin skeletal
                  | structure. (Dex +2, Stealth+) [potion of mutation]
 76975 | Zot:4    | Gained mutation: You do not regenerate when monsters are
                  | visible. [potion of mutation]
 76975 | Zot:4    | Gained mutation: You are agile. (Dex +4, Str/Int -1)
                  | [potion of mutation]
 76976 | Zot:4    | Lost mutation: You are agile. (Dex +4, Str/Int -1) [potion
                  | of mutation]
 76976 | Zot:4    | Lost mutation: You have a somewhat thin skeletal structure.
                  | (Dex +2, Stealth+) [potion of mutation]
 76976 | Zot:4    | Gained mutation: You have a pair of small antennae on your
                  | head. [potion of mutation]
 76976 | Zot:4    | Gained mutation: Your muscles are strong. (Str +4, Int/Dex
                  | -1) [potion of mutation]
 76976 | Zot:4    | Gained mutation: Your magical capacity is low. (-10% MP)
                  | [potion of mutation]
 76977 | Zot:4    | Lost mutation: You are robust. (+10% HP) [potion of
                  | mutation]
 76977 | Zot:4    | Lost mutation: You have a pair of small antennae on your
                  | head. [potion of mutation]
 76977 | Zot:4    | Lost mutation: Your muscles are strong. (Str +4, Int/Dex
                  | -1) [potion of mutation]
 76977 | Zot:4    | Gained mutation: You are frail. (-10% HP) [potion of
                  | mutation]
 76977 | Zot:4    | Gained mutation: You have a pair of small antennae on your
                  | head. [potion of mutation]
 76977 | Zot:4    | Gained mutation: You are partially covered in large bone
                  | plates. (SH +4) [potion of mutation]
 76978 | Zot:4    | Lost mutation: You have a pair of small antennae on your
                  | head. [potion of mutation]
 76978 | Zot:4    | Lost mutation: Your magical capacity is low. (-10% MP)
                  | [potion of mutation]
 76978 | Zot:4    | Gained mutation: You are clumsy. (Dex -2) [potion of
                  | mutation]
 76978 | Zot:4    | Gained mutation: You occasionally shout uncontrollably at
                  | your foes. [potion of mutation]
 76978 | Zot:4    | Gained mutation: Your muscles are strong. (Str +4, Int/Dex
                  | -1) [potion of mutation]
 76979 | Zot:4    | Lost mutation: You are frail. (-10% HP) [potion of
                  | mutation]
 76979 | Zot:4    | Lost mutation: Your muscles are strong. (Str +4, Int/Dex
                  | -1) [potion of mutation]
 76979 | Zot:4    | Lost mutation: You do not regenerate when monsters are
                  | visible. [potion of mutation]
 76979 | Zot:4    | Gained mutation: You have hidden genetic potential. [potion
                  | of mutation]
 76979 | Zot:4    | Gained mutation: You possess an exceptional clarity of
                  | mind. [potion of mutation]
 77193 | Zot:5    | Noticed a Killer Klown
 77235 | Zot:4    | Killed a Killer Klown
 77282 | Zot:5    | Noticed a dread lich
 77322 | Zot:4    | Killed a dread lich
 77331 | Zot:5    | Noticed an ancient lich
 77353 | Zot:5    | Killed an ancient lich
 77472 | Zot:5    | Noticed an orb of fire
 77493 | Zot:5    | Noticed a Killer Klown
 77551 | Zot:4    | Killed a Killer Klown
 77614 | Zot:5    | Lost mutation: You have hidden genetic potential. [an orb
                  | of fire]
 77620 | Zot:5    | Killed an orb of fire
 77647 | Zot:5    | Noticed an orb of fire
 77654 | Zot:5    | Noticed a Killer Klown
 77666 | Zot:5    | Noticed a dread lich
 77667 | Zot:5    | Killed an orb of fire
 77679 | Zot:5    | Noticed an orb of fire
 77680 | Zot:5    | Killed a Killer Klown
 77680 | Zot:5    | Killed a dread lich
 77687 | Zot:5    | Noticed a dread lich
 77701 | Zot:5    | Gained mutation: You are dopey. (Int -2) [an orb of fire]
 77709 | Zot:5    | Gained mutation: Armour fits poorly on your strangely
                  | shaped body. [an orb of fire]
 77714 | Zot:5    | Gained mutation: You are vulnerable to cold. (rC-) [an orb
                  | of fire]
 77715 | Zot:5    | Killed an orb of fire
 77715 | Zot:5    | Identified the +12 dagger "Concordance" {heavy, rPois rN+
                  | Str+2} (Trog gifted it to you on level 5 of the Realm of
                  | Zot)
 77715 | Zot:5    | Received a gift from Trog
 77751 | Zot:5    | Killed a dread lich
 77997 | Zot:5    | Noticed an ancient lich
 78025 | Zot:5    | Killed an ancient lich
 78434 | Zot:5    | Noticed a Killer Klown
 78542 | Zot:5    | Killed a Killer Klown
 78801 | Zot:5    | Lost mutation: You possess an exceptional clarity of mind.
                  | [potion of mutation]
 78801 | Zot:5    | Lost mutation: Armour fits poorly on your strangely shaped
                  | body. [potion of mutation]
 78801 | Zot:5    | Gained mutation: You have sharp toenails. [potion of
                  | mutation]
 78802 | Zot:5    | Lost mutation: You are clumsy. (Dex -2) [potion of
                  | mutation]
 78802 | Zot:5    | Lost mutation: You occasionally shout uncontrollably at
                  | your foes. [potion of mutation]
 78802 | Zot:5    | Lost mutation: You are vulnerable to cold. (rC-) [potion of
                  | mutation]
 78802 | Zot:5    | Gained mutation: Your skin changes colour to match your
                  | surroundings (Stealth+). [potion of mutation]
 78803 | Zot:5    | Lost mutation: You are partially covered in large bone
                  | plates. (SH +4) [potion of mutation]
 78803 | Zot:5    | Lost mutation: You are dopey. (Int -2) [potion of mutation]
 78803 | Zot:5    | Lost mutation: You have sharp toenails. [potion of
                  | mutation]
 78803 | Zot:5    | Gained mutation: Armour fits poorly on your strangely
                  | shaped body. [potion of mutation]
 78803 | Zot:5    | Gained mutation: You expend magic power (3 MP) to
                  | strengthen your wands. [potion of mutation]
 78803 | Zot:5    | Gained mutation: You occasionally shout uncontrollably at
                  | your foes. [potion of mutation]
 78812 | Zot:5    | Got the Orb of Zot
 78818 | Zot:5    | Noticed Boris
 79036 | D:13     | Noticed Senism the pandemonium lord
 79051 | D:13     | Killed Senism the pandemonium lord
 79143 | D:11     | Noticed Xigoreb the pandemonium lord
 79327 | D:$      | Escaped with the Orb!

Illustrated notes

Levels and vault maps discovered:
D:1:      elethiomel_arrival_quiet, layout_basic, minmay_misc_feat_four_crosses
D:2:      layout_rooms
D:3:      layout_rooms, lemuel_doored_altar, uniq_crazy_yiuf_cottage,
          uniq_jessica, uniq_pargi
D:4:      layout_rooms, good_gods_mini_temple
D:5:      layout_cave_pools, mainiacjoe_overflow_alcove_4,
          general_overflow_altar, minmay_temple_entry_mini_moons
D:6:      cheibrodos_iron_armory, layout_basic
D:7:      layout_gridville
D:8:      minmay_the_grid_square_5x5_3x3 [minmay_the_grid_square_5x5_tie,
          minmay_the_grid_square_5x5_shuriken,
          minmay_the_grid_square_5x5_minibox,
          minmay_the_grid_square_5x5_minimal,
          minmay_the_grid_square_5x5_megaprize_checkered,
          minmay_the_grid_square_5x5_sharp_hourglass,
          minmay_the_grid_square_5x5_misaligned,
          minmay_the_grid_square_5x5_slash, minmay_the_grid_square_5x5_z],
          layout_basic, slow_altar_2, kennysheep_mini_moat, dpeg_lair_monsters,
          nicolae_stop_n_shop_2
D:9:      layout_stronghold, david_orc_3, serial_shops, shop, minmay_microvault,
          uniq_jeremiah
D:10:     layout_cave_pools, grunt_temple_overflow_open, serial_column_ruins,
          column_ruins_hut_ruined, column_ruins_grid_1, column_ruins_open_small,
          column_ruins_open_tiny, column_ruins_columns_T,
          column_ruins_columns_straight, minmay_misc_feat_cross
D:11:     kennysheep_town, uniq_grum
D:12:     layout_irregular_city, portal_ice_cave_entry_ice_simulacra
D:13:     layout_basic, erik_vaults_2, gauntlet_entry_generic,
          gammafunk_ghost_spectres, chequers_serial_rivers_micro_b,
          nicolae_uskayaw_dance_hall, uniq_sonja
D:14:     layout_long_grid, minmay_misc_feat_rugged,
          hangedman_decor_clover_reticule, glass_columns_b, serial_bayou_pond_c,
          uniq_josephine
D:15:     grunt_enter_depths_hoard, layout_gridville, nrook_pool_corridor,
          uniq_agnes
Temple:   hellmonk_temple_beads
Lair:1:   layout_small_grid, uniq_gastronok
Lair:2:   layout_loops_ring, mainiacjoe_swamp_entry_angry_trees,
          guppyfry_snake_entry_island, chequers_serial_rivers_micro_d,
          eino_small_chamber_without_monster
Lair:3:   layout_roguey, grunt_megastairs_2, serial_bayou_shore_b, uniq_fannar
Lair:4:   cheibrodos_lair_river_kwai, layout_long_grid,
          lightli_volcano_entry_magma_tube, beast_lair_carwin_4
Lair:5:   wormcave, layout_loops_ring, hangedman_lair_tendril_chambers,
          slime_entry_1, minivault_11, minmay_lair_oklob_bushes, uniq_snorg
Swamp:1:  nicolae_swamp_wrong_neighborhood, layout_falls_marsh,
          gammafunk_ghost_berserking_beasts, hangedman_swamp_ruin_wall,
          uniq_kirke, uniq_jorgrun, uniq_frances
Swamp:2:  layout_basic_swamp, evilmike_swamp_ruin_house_6,
          infiniplex_staircase_pool, nicolae_swamp_tree_isthmus
Swamp:3:  cheibrodos_swamp_tower_of_moss, layout_basic_swamp,
          evilmike_swamp_ruin_wall
Swamp:4:  swamp, layout_basic_swamp, uniq_bai_suzhen
Snake:1:  layout_rooms
Snake:2:  layout_rooms, grunt_megastairs_5, minmay_shop_grove
Snake:3:  layout_grid_maze, nicolae_snake_naga_rites
Snake:4:  minmay_snake_end_coiled, layout_layer_cave, basic_altar,
          uniq_mlioglotl, uniq_nikola, uniq_aizul
Orc:1:    layout_diamond_mine, ebering_ghost_gozag
Orc:2:    pf_orc_diabolical, layout_caves, serial_shops,
          nicolae_shop_gaudy_bauble
Elf:1:    eino_elf_arrival_the_gate, layout_rooms, nicolae_trove_entry_isolated,
          evilmike_minifort, statue_in_the_mist_lemuel,
          roderic_lattice_octagonal_star, uniq_norris
Elf:2:    elven_hall_of_blades_hangedman_alternative
          [nicolae_blade_entry_antechamber], layout_onion_city, st_stairs_7,
          grunt_megastairs_4
Elf:3:    minmay_elf_hall_four_x, layout_gridlike, hangedman_elven_ridges,
          nicolae_shop_self_help, uniq_boris, uniq_mara
Vaults:1: v_alt_pattern_4, hangedman_vaults_slice,
          nicolae_vaults_closet_pinwheel_4,
          vaults_standard_mumra_enter_the_diamond,
          nicolae_vaults_little_squares_6, nicolae_vaults_loss_of_containment,
          nicolae_vaults_taking_the_gang_shopping, v_misc_14,
          nicolae_vaults_diamond_1, nicolae_vaults_little_squares_3,
          layout_vaults_omnigrid
Vaults:2: v_rooms_2, minmay_crypt_entry_necro_gods, st_octagons_1,
          vaults_room_corners, grunt_vaults_twisty, vaults_room_pool,
          hangedman_vaults_corner, nicolae_vaults_prndl, v_pattern_1,
          nicolae_vaults_little_squares_2, hangedman_vaults_maws,
          nicolae_vaults_asterisk, v_misc_17, vaults_mumra_chevron_long,
          layout_vaults_omnibox, serial_shops, shop_statue, uniq_saint_roka
Vaults:3: ontoclasm_vaults_ligature, v_pattern_2, nicolae_vaults_shelves_hall,
          hangedman_vaults_snaps, v_misc_9, nicolae_vaults_apartment_1,
          vaults_mumra_chevron, grunt_vaults_hallway_short,
          ontoclasm_vaults_eye, nicolae_vaults_wine_cellar,
          layout_vaults_big_room, serial_shops, nicolae_shop_stone,
          uniq_frederick
Vaults:4: nicolae_vaults_circle_grid_b, gargoyle_guard,
          nicolae_vaults_little_squares_3, nicolae_vaults_double_plus_1,
          nicolae_vaults_diamond_2, vaults_standard_mumra_enter_the_diamond,
          nicolae_vaults_tetromino_T_2, nicolae_vaults_rhombus_6,
          vaults_dpeg_hooks, vaults_room_door_hall,
          nicolae_vaults_tetromino_Z_1, layout_vaults_omnicross, uniq_sojobo
Vaults:5
Depths:1: layout_gridlike, nicolae_twisty_statue_hallways, hell_entry,
          kennysheep_kite_vault, minmay_shop_star, serial_bayou_shore_b
Depths:2: grunt_arcs, layout_cave_shapes, rand_demon_pan_entry_1,
          grunt_metal_band, hangedman_abyss_or_decor_stabs
Depths:3: kennysheep_room_grid, layout_basic, enter_ziggurat_c,
          rand_demon_pan_entry_3, abyss_entry, pf_coc_iceberg,
          nemelex_spade_bored_becter, glass_columns_b, minmay_three_doors
Depths:4: grunt_zot_entry_tricorne, layout_long_grid, abyss_entry,
          minmay_stone_trees_large, serial_shops, nicolae_shop_drivethru,
          hell_entry, rand_demon_pan_entry_4
Zot:1:    gammafunk_the_bubble [the_bubble_gammafunk_split],
          layout_misc_corridors, uniq_josephina
Zot:2:    layout_gridlike, st_small_dragon_hoard_5, uniq_tiamat
Zot:3:    layout_gridlike, lemuel_baited_zot_trap
Zot:4:    regret_index_all_hallows'_manor, layout_basic
Zot:5:    layout_twisted_circle

Skill      XL: |  1  2  3  4  5  6  7  8  9 10 11 12 13 14 15 16 17 18 19 20 21 22 23 24 25 26 27 |
---------------+----------------------------------------------------------------------------------+-----
Short Blades   | 5 6 7 8 9 10 12 13 14 | 14.0
Fighting       | 4 5 6 7 8 10 11 12 13 14 15 16 17 18 19 20 21 22 23 24 25 27 | 27.0
Stealth        | 4 5 8 11 13 15 17 18 19 20 22 24 25 27 | 27.0
Dodging        | 4 6 8 10 11 13 14 15 16 17 18 19 20 22 23 24 25 26 27 | 27.0
Evocations     | 5 7 9 10 11 12 13 15 16 18 25 | 25.0
Shields        | 2 3 4 6 7 8 9 10 11 12 14 | 14.5
Armour         | 6 11 13 | 13.6

Action                     |  1- 3 |  4- 6 |  7- 9 | 10-12 | 13-15 | 16-18 | 19-21 | 22-24 | 25-27 || total
---------------------------+-------+-------+-------+-------+-------+-------+-------+-------+-------++-------
  Melee: Short sword       |   120 |   172 |   349 |       |       |       |       |       |       ||   641
         Punch             |     2 |     3 |     4 |     6 |       |       |       |       |       ||    15
         Rapier            |       |       |     9 |   335 |   664 |  1243 |  1697 |  2264 |  4095 || 10307
  Throw: Stone             |     3 |     2 |    11 |     2 |       |       |       |       |       ||    18
         Dart              |       |       |    28 |    12 |     9 |       |       |     2 |     2 ||    53
         Boomerang         |       |       |     6 |     6 |       |       |       |       |       ||    12
 Invoke: Berserk           |     2 |     3 |    16 |     7 |    11 |    11 |     7 |    15 |     7 ||    79
         Trog's Hand       |       |     2 |     1 |     1 |     1 |    10 |     7 |    16 |    21 ||    59
         Brothers in Arms  |       |       |       |       |       |       |       |       |     3 ||     3
Ability: Evoke Blink       |       |       |       |       |       |       |       |       |    13 ||    13
  Evoke: Wand              |       |       |       |     8 |    13 |     8 |     8 |     8 |    60 ||   105
         Phantom mirror    |       |       |       |       |     1 |     1 |       |     1 |     1 ||     4
         Lightning rod     |       |       |       |       |       |     4 |     4 |       |       ||     8
         Condenser vane    |       |       |       |       |       |     2 |     2 |     2 |     3 ||     9
         Phial of floods   |       |       |       |       |       |       |     2 |       |       ||     2
         Box of beasts     |       |       |       |       |       |       |       |     1 |     2 ||     3
    Use: Scroll            |       |     2 |     8 |     4 |     9 |    16 |     2 |     6 |    17 ||    64
         Potion            |       |       |     1 |     3 |       |    10 |     6 |     8 |    28 ||    56
   Stab: Sleeping          |     4 |     5 |     4 |    35 |    46 |    74 |    99 |    57 |    91 ||   415
         Distracted        |       |       |     1 |     2 |    15 |    14 |    14 |    16 |    16 ||    78
 Armour: Animal skin       |     6 |       |       |       |       |       |       |       |       ||     6
         Ring mail         |    37 |   114 |    95 |   130 |   401 |   521 |   251 |   512 |   825 ||  2886
  Dodge: Dodged            |    51 |   111 |   142 |   114 |   203 |   434 |   738 |  1431 |  2709 ||  5933
  Block: Other             |       |       |       |     3 |       |       |       |       |       ||     3
         Buckler           |       |       |       |    54 |    37 |       |       |       |       ||    91
         Reflection        |       |       |       |     6 |     4 |    54 |    23 |       |       ||    87
         Kite shield       |       |       |       |       |   322 |   835 |  1022 |  1327 |  2901 ||  6407
